 Dungeon Crawl Stone Soup version 0.14-a0-445-g388476e (webtiles) character file.

987 PolkaDot the Reanimator (level 7, -13/46 HPs)
             Began as a Vampire Necromancer on Oct 30, 2013.
             Killed by divine providence
             ... invoked by an orc priest
              (15 damage)
             ... on Level 5 of the Dungeon.
             The game lasted 00:28:21 (4760 turns).

PolkaDot the Reanimator (Vampire Necromancer)       Turns: 4760, Time: 00:28:21

HP -13/46        AC  3     Str  7      XL: 7   Next: 21%
MP   9/12        EV 12     Int 19      God:
Gold 372         SH  0     Dex 14      Spells:  3 memorised,  1 level left

Res.Fire  : . . .   See Invis. : +   u - +2,+0 dagger (venom) (curse)
Res.Cold  : + . .   Warding    : .   a - +1 robe (curse)
Life Prot.: + + .   Conserve   : .   (no shield)
Res.Poison: +       Res.Corr.  : .   (no helmet)
Res.Elec. : .       Clarity    : .   (no cloak)
Sust.Abil.: . .     Spirit.Shd : .   (no gloves)
Res.Mut.  : .       Stasis     : .   (no boots)
Res.Rott. : +       Flight     : .   m - amulet of the gourmand {unknown}
Saprovore : . . .                    (no ring)
                                     (no ring)

@: regenerating slowly, slightly resistant to hostile enchantments, stealthy
A: bottle blood, fangs 3, see invisible, unbreathing
a: Bat Form, Bottle Blood


You were on level 5 of the Dungeon.
You were thirsty.

You visited 1 branch of the dungeon, and saw 5 of its levels.
You also visited: Ossuary.

You collected 352 gold pieces.

Inventory:

Hand weapons
 u - a cursed +2,+0 dagger of venom (weapon)
Armour
 a - a cursed +1 robe (worn)
Magical devices
 h - a wand of enslavement (9) {unknown}
 r - a wand of magic darts (10)
Scrolls
 c - a scroll of blinking
 d - 3 scrolls of fear
 f - a scroll of amnesia
 g - 2 scrolls of identify
 k - 2 scrolls of teleportation {unknown}
 l - 2 scrolls of remove curse {unknown}
 p - a scroll of fog {unknown}
Jewellery
 j - an uncursed amulet of conservation {unknown}
 m - an amulet of the gourmand (around neck) {unknown}
Potions
 e - a potion of degeneration
 i - 4 potions of curing
 o - a potion of poison
Books
 b - a book of Necromancy

   Spells                             Type                      Level
   *Pain                              Necromancy                   1
   Animate Skeleton                   Necromancy                   1
   Lethal Infusion                    Charms/Necromancy            2
   *Vampiric Draining                 Necromancy                   3
   Regeneration                       Charms/Necromancy            3
   Animate Dead                       Necromancy                   4
   *Control Undead                    Necromancy                   4


   Skills:
 - Level 2.1 Dodging
 - Level 3.0 Stealth
 - Level 1.5 Spellcasting
 * Level 9.5 Necromancy


You had one spell level left.
You knew the following spells:

 Your Spells              Type           Power        Failure   Level  Hunger
a - Pain                  Necr           ####         1%          1    #......
d - Control Undead        Necr           #####.....   4%          4    #####..
s - Vampiric Draining     Necr           #####.....   1%          3    ####...


Dungeon Overview and Level Annotations

Branches:
Dungeon (5/27)
 Temple: D:4-7

Altars:

Annotations:
D:3 Grinder


Innate Abilities, Weirdness & Mutations

You heal slowly.
You can bottle blood from corpses.
You have razor-sharp teeth.*
You have supernaturally acute eyesight.
You can survive without breathing.*


Message History

Gang up on whom?
Press: ? - help, Dir - move target cursor, f - orc priest, p - orc wizard
Aim: an orc priest Attack!
The orc wizard barely misses your giant frog zombie.
Your giant frog zombie hits the orc priest.
The orc wizard unwields an uncursed orcish dagger.
The orc wizard drops an uncursed orcish dagger.
The orc wizard picks up a quarterstaff.
The orc wizard wields a quarterstaff.
Your giant frog zombie hits the orc priest.
Something hits the kobold.
The kobold dies!
The orc priest mumbles some strange prayers to Beogh against you.
Something smites you!
* * * LOW HITPOINT WARNING * * *
You barely miss the orc.
The giant frog zombie is no longer charmed.
The orc priest calls down the wrath of Beogh upon you.
Something smites you!
You die...

#########....#
#.....##.....#
#.....##.....#
#......+...z.#
#......#...#########.
######......#....(.........
.............).............
###########......##########
######@# #o# #o#########
#.........# #.........#
#)........ #z........
.o)....... .........#


You could see an orc priest, an orc wizard, an orc and a giant frog zombie.

Vanquished Creatures
  Edmund (D:5)
  A centaur (D:3)
  2 human zombies (Ossuary)
  A hound (D:4)
  An orc priest (D:4)
  2 orc wizards
  3 worker ants (D:4)
  A hound zombie (Ossuary)
  2 mummies
  3 adders
  An adder zombie (Ossuary)
  A giant eyeball (D:4)
  5 giant geckos
  An ooze (D:3)
  6 orcs
  2 giant cockroaches
  12 hobgoblins
  6 kobolds
  3 quokkas
  11 bats
  9 giant newts
  A gnoll zombie (Ossuary)
  7 goblins
  3 goblin zombies (Ossuary)
  A hobgoblin skeleton (D:4)
  2 hobgoblin zombies (Ossuary)
  4 jackals (D:2)
  3 jackal zombies (Ossuary)
  3 kobold zombies (Ossuary)
  An orc zombie (Ossuary)
  A quokka zombie (Ossuary)
  7 rats
  3 rat zombies (Ossuary)
110 creatures vanquished.

Vanquished Creatures (collateral kills)
  A centaur zombie (Ossuary)
  A big kobold zombie (Ossuary)
  An elf zombie (Ossuary)
  An adder zombie (Ossuary)
  A kobold (D:5)
  A gnoll zombie (Ossuary)
  A goblin zombie (Ossuary)
  A hobgoblin zombie (Ossuary)
  A kobold zombie (D:5)
  An orc zombie (Ossuary)
  3 rat zombies (Ossuary)
13 creatures vanquished.

Vanquished Creatures (others)
  A jackal zombie (Ossuary)
1 creature vanquished.

Grand Total: 124 creatures vanquished

Notes
Turn   | Place    | Note
--------------------------------------------------------------
     0 | D:1      | PolkaDot, the Vampire Necromancer, began the quest for the Orb.
     0 | D:1      | Reached XP level 1. HP: 13/13 MP: 4/4
   174 | D:1      | Reached XP level 2. HP: 19/19 MP: 3/5
   251 | D:1      | Reached skill level 5 in Necromancy
   815 | D:2      | Reached XP level 3. HP: 21/24 MP: 2/6
  1555 | D:3      | Reached skill level 6 in Necromancy
  1561 | D:3      | Noticed a centaur
  1575 | D:3      | Killed a centaur
  1575 | D:3      | Reached XP level 4. HP: 21/30 MP: 0/8
  1675 | D:3      | Reached skill level 7 in Necromancy
  1675 | D:3      | Reached XP level 5. HP: 32/35 MP: 5/9
  2035 | D:3      | Noticed Grinder
  2055 | D:3      | Paralysed by Grinder for 3 turns
  2081 | D:3      | Paralysed by Grinder for 5 turns
  2255 | D:4      | Learned a level 3 spell: Vampiric Draining
  2285 | D:4      | Paralysed by a giant eyeball for 2 turns
  2478 | D:4      | Reached skill level 8 in Necromancy
  2478 | D:4      | Reached XP level 6. HP: 16/41 MP: 3/10
  3003 | D:5      | Entered Level 5 of the Dungeon
  3052 | D:5      | Found a sand-covered staircase.
  3072 | Ossuary  | Entered an ossuary
  3624 | Ossuary  | Learned a level 4 spell: Control Undead
  4330 | Ossuary  | Reached skill level 9 in Necromancy
  4513 | D:5      | Noticed Edmund
  4540 | D:5      | Killed Edmund
  4540 | D:5      | Reached XP level 7. HP: 20/46 MP: 0/12
  4759 | D:5      | HP: 2/46 [orc priest/divine providence (9)]
  4760 | D:5      | Killed from afar by an orc priest

Action                   |  1- 3 |  4- 6 |  7- 9 || total
-------------------------+-------+-------+-------++-------
Melee: Dagger            |    16 |   221 |    14 ||   251
 Cast: Pain              |    68 |    59 |     2 ||   129
       Control Undead    |       |     9 |     3 ||    12
       Vampiric Draining |       |     1 |     1 ||     2
  Use: Scroll            |    11 |     2 |       ||    13
       Potion            |     1 |     8 |       ||     9
 Stab: Sleeping          |       |     3 |       ||     3
